 Dungeon Crawl Stone Soup version 0.30-a0-571-gdf30a72648 (webtiles) character file.

Game seed: 8555421439400895517

88 Darkkill the Shooter (level 4, 0/33 (38) HPs)
             Began as a Minotaur Hunter on Dec 29, 2022.
             Slain by Terence
             ... wielding the +7 Throatcutter {drain, coup de grace}
              (16 damage)
             ... on level 3 of the Dungeon.
             The game lasted 00:00:59 (1616 turns).

Darkkill the Shooter (Minotaur Hunter)              Turns: 1616, Time: 00:01:01

HP:   0/33 (38)     AC:  6    Str: 15    XL:     4   Next: 29%
MP:   3/3           EV: 12    Int:  6    God:
Gold: 184           SH:  0    Dex: 16    Spells: 3/3 levels left

rFire   . . .      SeeInvis .    a - +1 shortbow
rCold   . . .      Faith    .    (shield currently unavailable)
rNeg    . . .      Spirit   .    c - +0 leather armour
rPois   .          Reflect  .    (helmet restricted)
rElec   .          Harm     .    (no cloak)
rCorr   .          Rampage  .    h - +2 pair of gloves
Will    .....                    (no boots)
Stlth   ++                       (no amulet)
HPRegen 0.25/turn                (no ring)
MPRegen 0.08/turn                (no ring)

@: heavily drained
A: horns 2, retaliatory headbutt
a: no special abilities


You were on level 3 of the Dungeon.
You visited 1 branch of the dungeon, and saw 3 of its levels.

You collected 184 gold pieces.

Inventory:

Hand Weapons
 a - a +1 shortbow (weapon)
Missiles
 g - 9 stones
Armour
 c - a +0 leather armour (worn)
 h - a +2 pair of gloves (worn)
 i - a +0 pair of boots
Jewellery
 o - a ring of flight
Scrolls
 b - a scroll of immolation
 n - a scroll of acquirement {unknown}
Potions
 d - 3 potions of attraction
 e - a potion of curing {@q1}
 f - a potion of heal wounds
 j - a potion of mutation {unknown}
 k - a potion of brilliance {unknown}
 l - a potion of cancellation {unknown}
 m - a potion of lignification {unknown}


   Skills:
 + Level 3.5 Fighting
 + Level 4.9 Ranged Weapons
 + Level 3.1 Dodging
 + Level 2.0 Stealth


You had 3 spell levels left.
You didn't know any spells.
Your spell library contained the following spells:

 Spells                   Type           Power      Damage    Failure   Level
 Portal Projectile        Hex/Tloc       0%         N/A       88%         3
 Tukima's Dance           Hex            0%         N/A       88%         3
 Blade Hands              Tmut           0%         N/A       100%        5


Dungeon Overview and Level Annotations

Branches:
Dungeon (3/15)

Altars:

Shops:
D:3 =

Annotations:
D:3 Terence


Innate Abilities, Weirdness & Mutations

You have a pair of horns on your head.
You reflexively headbutt those who attack you in melee.


Message History

You shoot an arrow. The arrow closely misses the hobgoblin.
You shoot an arrow. The arrow hits the hobgoblin.
The hobgoblin is almost dead.
The hobgoblin hits you but does no damage.
You shoot an arrow. The arrow hits the hobgoblin.
You kill the hobgoblin!
No target in view!
No target in view!
A dart slug comes into view.
Found a stone staircase leading down.
The dart slug launches a dart at you. The slug dart hits you.
You see here a hobgoblin corpse.
A dart slug is nearby!
You shoot an arrow.
The arrow hits the dart slug but does no damage.
You shoot an arrow. The arrow hits the dart slug!
The dart slug is almost dead.
A dart slug is nearby!
You shoot an arrow. The arrow hits the dart slug.
You kill the dart slug!
HP restored.
A goblin comes into view. It is wielding a +0 club.
Found an escape hatch in the floor.
There is an entrance to Uschoe Emot's Jewellery Boutique here.
You shoot an arrow. The arrow hits the goblin.
You kill the goblin!
Found a quarterstaff.
No target in view!
You see here a +0 quarterstaff.
Found a stone staircase leading down.
No target in view!
A ball python comes into view.
The ball python hisses angrily.
You shoot an arrow. The arrow hits the ball python.
You kill the ball python!
A kobold comes into view. It is wielding a +0 dagger.
You shoot an arrow. The arrow completely misses the kobold.
The kobold shouts!
A kobold is nearby!
You shoot an arrow. The arrow hits the kobold!
You kill the kobold!
You hear the slow rusting of a very distant drain.
You now have 140 gold pieces (gained 10).
You now have 151 gold pieces (gained 11).
i - a +0 pair of boots No target in view!
Found a sling.
m - a white potion No target in view!
You pick up a book of Weapons and begin reading...
You add the spells Tukima's Dance, Portal Projectile and Blade Hands to your library.
No target in view!
A hobgoblin comes into view.
Found 17 gold pieces.
You shoot an arrow. The arrow hits the hobgoblin!
You kill the hobgoblin!
Your Stealth skill increases to level 2!
n - a scroll labelled ESOACS YHUOTI No target in view!
Found a faded altar of an unknown god.
You hear the slow rusting of a distant drain.
No target in view!
You now have 168 gold pieces (gained 17).
A frilled lizard comes into view.
You shoot an arrow. The arrow hits the frilled lizard!
You kill the frilled lizard!
Found an escape hatch in the ceiling.
You now have 184 gold pieces (gained 16).
No target in view!
o - a ring of flight No target in view!
No target in view!
Terence the Incautious comes into view.
He is wielding the +7 Throatcutter {drain, coup de grace}.
Terence shouts!
You shoot an arrow. The arrow closely misses Terence.
You shoot an arrow. The arrow closely misses Terence.
Terence screams, "I want your blood!"
You shoot an arrow.
The arrow hits Terence but does no damage.
You shoot an arrow.
The arrow hits Terence but does no damage.
You shoot an arrow.
The arrow hits Terence but does no damage.
Terence hits you with the +7 Throatcutter {drain, coup de grace}.
You feel drained. Terence hits you but does no damage.
You feel drained.
You shoot an arrow. The arrow hits Terence.
Terence is lightly wounded.
Terence misses you.
You shoot an arrow.
The arrow hits Terence but does no damage.
Terence is lightly wounded.
Terence hits you with the +7 Throatcutter {drain, coup de grace}!
You feel drained.
You shoot an arrow. The arrow hits Terence.
Terence is heavily wounded.
Terence hits you with the +7 Throatcutter {drain, coup de grace}.
You feel drained.
Terence hits you with the +7 Throatcutter {drain, coup de grace}!
You die...

...........##### ##..#..#
........#......###.∩.#..###
...............#..........#
...............#.......##.#
......#.##.....#.....†.#
......#.##..........†#.#
#!...!#....#.......#<#.#
...# ##........####.#.#
+..@@.>..# #.# #........#
#+# ....#......<...
.......?.......
........#.......
#.......+.....!.
#.......#.##### #.#+#+###..


You could see Terence.

Vanquished Creatures
  Jessica (D:2)
  2 adders (D:2)
  3 dart slugs
  5 ball pythons
  7 endoplasms
  A giant cockroach (D:1)
  2 goblins
  2 hobgoblins (D:3)
  2 quokkas (D:1)
  6 bats
  A frilled lizard (D:3)
  A kobold (D:3)
  4 rats
37 creatures vanquished.

Notes
Turn   | Place    | Note
-------+----------+-------------------------------------------
     0 | D:1      | Darkkill the Minotaur Hunter began the quest for the Orb.
     0 | D:1      | Reached XP level 1. HP: 18/18 MP: 0/0
   152 | D:1      | Reached skill level 1 in Stealth
   178 | D:1      | Reached XP level 2. HP: 20/25 MP: 1/1
   837 | D:2      | Noticed Jessica
   838 | D:2      | Killed Jessica
   839 | D:2      | Reached XP level 3. HP: 31/31 MP: 2/2
   939 | D:2      | Reached XP level 4. HP: 16/38 MP: 3/3
  1488 | D:3      | Found Uschoe Emot's Jewellery Boutique.
  1585 | D:3      | Found a faded altar of an unknown god.
  1608 | D:3      | Noticed Terence
  1616 | D:3      | Slain by Terence

Illustrated notes

Levels and vault maps discovered:
D:1:      shiori_arrival_whats_in_store_for_you, layout_loops_ring
D:2:      layout_loops_ring, uniq_jessica
D:3:      layout_basic, gup_sewer_entry_spiral, serial_shops, shop,
          basic_ecumenical_altar, uniq_grinder, uniq_terence

Skill      XL: |  1  2  3  4 |
---------------+-------------+-----
Stealth        | 1 2 |  2.0
Fighting       | 3 |  3.5
Dodging        | 3 |  3.1
Ranged Weapons | |  4.9

Action                   |  1- 3 |  4- 6 || total
-------------------------+-------+-------++-------
 Fire: Shortbow          |    58 |    26 ||    84
  Use: Scroll            |     4 |     2 ||     6
Armor: Leather armour    |    14 |     2 ||    16
Dodge: Dodged            |    30 |     1 ||    31

Table legend: (Time is in decaauts)
 A = Elapsed time spent in this place.
 B = Non-inter-level travel time spent in this place.
 C = Inter-level travel time spent in this place.
 D = Time resting spent in this place.
 E = Time spent auto-exploring this place.
 F = Levels seen in this place.
 G = Mean time per level.
                   A        B        C        D        E       F      G
               +--------+--------+--------+--------+--------+-----+--------+
         Total |   1640 |   1608 |     32 |    100 |   1316 |   3 |  546.7 |
       Dungeon |   1640 |   1608 |     32 |    100 |   1316 |   3 |  546.7 |
               +--------+--------+--------+--------+--------+-----+--------+

Top non-repeatable levels by time:
     D:1: 794 daAuts
     D:2: 712 daAuts
     D:3: 133 daAuts

Table legend:
 A = Kills in this place as a percentage of kills in entire the game.
 B = Kills by you in this place as a percentage of kills by you in the entire game.
 C = Kills by friends in this place as a percentage of kills by friends in the entire game.
 D = Other kills in this place as a percentage of other kills in the entire game.
 E = Experience gained in this place as a percentage of experience gained in the entire game.
 F = Experience gained in this place divided by the number of levels of this place that you have seen.
                   A       B       C       D       E      F
               +-------+-------+-------+-------+-------+----------------------
         Total | 100.0 | 100.0 |   N/A |   N/A | 100.0 |  42.0
       Dungeon | 100.0 | 100.0 |   N/A |   N/A | 100.0 |  42.0
               +-------+-------+-------+-------+-------+----------------------
